 Dungeon Crawl Stone Soup version 0.22.1-1-ga44c0e5 (webtiles) character file.

234 Fang the Chopper (level 6, -3/39 HPs)
             Began as a Gargoyle Berserker on Sept 27, 2018.
             Was a Believer of Trog.
             Slain by a wight
             ... wielding a +0 trident
              (6 damage)
             ... on level 4 of the Dungeon.
             The game lasted 00:02:10 (2473 turns).

Fang the Chopper (Gargoyle Berserker)               Turns: 2473, Time: 00:02:11

Health: -3/39      AC:  6    Str: 23    XL:     6   Next: 5%
Magic:  6/6        EV: 12    Int:  7    God:    Trog [**....]
Gold:   133        SH:  0    Dex:  9    Spells: 5/5 levels left

rFire    . . .     SeeInvis .   a - +0 hand axe
rCold    . . .     Gourm    .   (no shield)
rNeg     + . .     Faith    .   b - +0 animal skin
rPois    ∞         Spirit   .   (no helmet)
rElec    +         Reflect  .   (no cloak)
rCorr    .         Harm     .   (no gloves)
MR       .....                  (no boots)
Stlth    +.........             (no amulet)
HPRegen  0.13/turn              (no ring)
MPRegen  0.10/turn              (no ring)

@: berserk cooldown, starving, slowed, very slow
A: negative energy resistance 1, electricity resistance, unbreathing,
petrification resistance, rot immunity, AC +4
a: Berserk, Trog's Hand, Renounce Religion


You were on level 4 of the Dungeon.
You worshipped Trog.
Trog was pleased with you.
You were starving.

You visited 1 branch of the dungeon, and saw 4 of its levels.

You collected 133 gold pieces.

Inventory:

Hand Weapons
 a - a +0 hand axe (weapon)
Armour
 b - a +0 animal skin (worn)
Jewellery
 g - an uncursed ring of magical power {unknown}
Wands
 k - a wand of paralysis (4)
Scrolls
 d - 2 scrolls of remove curse {unknown}
 e - 2 scrolls of teleportation {unknown}
 h - 4 scrolls of identify {unknown}
 j - a scroll of fear {unknown}
Potions
 f - 4 potions of flight {unknown}
 i - 3 potions of resistance {unknown}
Comestibles
 c - 6 rations


   Skills:
 + Level 4.3 Fighting
 + Level 4.5 Axes
 + Level 2.4 Armour
 + Level 2.6 Dodging
 + Level 1.4 Stealth


You had 5 spell levels left.
You didn't know any spells.
Your spell library was empty.

Dungeon Overview and Level Annotations

Branches:
Dungeon (4/15)
 Temple: D:4-7

Altars:


Innate Abilities, Weirdness & Mutations

You are resistant to torment.
Your stone body is resilient. (AC +4)
You are immune to poison.
You resist negative energy. (rN+)
You are resistant to electric shocks. (rElec)
You can survive without breathing.
You are immune to petrification.
You are immune to rotting.


Message History

You hit the wight but do no damage. The wight hits you with a trident!
* * * LOW HITPOINT WARNING * * *
The wight hits you with a trident.
* * * LOW HITPOINT WARNING * * *
You hit the wight but do no damage. The wight misses you.
You barely miss the wight. The wight hits you with a trident.
* * * LOW HITPOINT WARNING * * *
The wight hits you with a trident.
* * * LOW HITPOINT WARNING * * *
You hit the wight.
The wight is moderately damaged.
You are starving!
The wight hits you but does no damage.
You closely miss the wight.
The wight is moderately damaged.
The wight hits you but does no damage.
You hit the wight but do no damage.
The wight is moderately damaged.
The wight hits you with a trident.
You die...

#..# #..# #..#
#..####### #.........
# #...#.....
#.#.z........
#.#.@..#....#.
#...)...........
#.####../....#..#....
.....................
#..###........##....#
#..# ##.....†.......#
#..# ###....#..#...#
#..# #...........#
#### #..#
#...#....#..#


You could see a wight.

Vanquished Creatures
  2 wights (D:4)
  Ijyb (D:3)
  An iguana (D:3)
  A worker ant (D:4)
  2 adders (D:3)
  An ooze (D:3)
  A leopard gecko (D:1)
  4 giant cockroaches (D:1)
  8 hobgoblins
  4 jackals (D:2)
  5 kobolds
  A quokka (D:4)
  A ball python (D:1)
  7 bats
  5 frilled lizards
  10 goblins
  3 rats
57 creatures vanquished.

Notes
Turn   | Place    | Note
-------+----------+-------------------------------------------
     0 | D:1      | Fang the Gargoyle Berserker began the quest for the Orb.
     0 | D:1      | Reached XP level 1. HP: 14/14 MP: 1/1
   328 | D:1      | Reached XP level 2. HP: 11/19 MP: 2/2
   808 | D:1      | Reached ** piety under Trog
   825 | D:1      | Reached XP level 3. HP: 21/24 MP: 3/3
  1602 | D:3      | Noticed Ijyb
  1611 | D:3      | Paralysed by Ijyb for 5 turns
  1618 | D:3      | Killed Ijyb
  1618 | D:3      | Reached XP level 4. HP: 29/29 MP: 4/4
  2143 | D:3      | Reached XP level 5. HP: 32/33 MP: 5/5
  2339 | D:3      | Reached skill level 1 in Stealth
  2465 | D:4      | Reached XP level 6. HP: 30/39 MP: 6/6
  2473 | D:4      | Slain by a wight

Skill      XL: |  1  2  3  4  5 |
---------------+----------------+-----
Axes           | 3 4 |  4.5
Fighting       | 4 |  4.3
Dodging        | 2 |  2.6
Stealth        | 1 |  1.4
Armour         | |  2.4

Action                   |  1- 3 |  4- 6 || total
-------------------------+-------+-------++-------
Melee: Hand axe          |   140 |    69 ||   209
Invok: Berserk           |     2 |     2 ||     4
 Stab: Sleeping          |       |     3 ||     3
  Eat: Chunk             |     3 |     4 ||     7
Armor: Animal skin       |    71 |    17 ||    88
Dodge: Dodged            |   128 |    36 ||   164
